 Dungeon Crawl Stone Soup version 0.29-a0-887-gcbe080d7e0 (webtiles) character file.

Game seed: 1304352140796288175

205 croobank the Sneak (level 5, -3/34 HPs)
             Began as an Octopode Fire Elementalist on July 21, 2022.
             Killed from afar by an orc wizard (13 damage)
             ... with a puff of flame
             ... on level 4 of the Dungeon.
             The game lasted 00:08:09 (3275 turns).

croobank the Sneak (Octopode Fire Elementalist)     Turns: 3275, Time: 00:08:10

Health: -3/34      AC:  1    Str:  7    XL:     5   Next: 83%
Magic:  1/9        EV: 13    Int: 19    God:
Gold:   216        SH:  0    Dex: 13    Spells: 2/9 levels left

rFire   . . .      SeeInvis .   a - +5 short sword
rCold   . . .      Faith    .   (no shield)
rNeg    . . .      Spirit   .   (helmet restricted)
rPois   .          Reflect  .   (no amulet)
rElec   .          Harm     .   (no ring)
rCorr   .          Rampage  .   (no ring)
Will    .....                   (no ring)
Stlth   +++.......              (no ring)
HPRegen 0.11/turn               (no ring)
MPRegen 0.11/turn               (no ring)
                                (no ring)
                                (no ring)

@: no status effects
A: almost no armour, amphibious, 8 rings, camouflage 1, gelatinous body 1,
(nimble swimmer 1), tentacles
a: no special abilities


You were on level 4 of the Dungeon.
You visited 1 branch of the dungeon, and saw 4 of its levels.

You collected 216 gold pieces.

Inventory:

Hand Weapons
 a - a +5 short sword (weapon)
 b - a +0 sling
 c - a +2 vampiric dagger
 d - the +1 dagger of Uliontuthu {freeze, Will+}
   (You found it on level 3 of the Dungeon)

   It freezes those it strikes, dealing additional cold damage.
   It can also slow down cold-blooded creatures.
   Will:      It increases your willpower.
 q - a +0 trident
Missiles
 e - 4 silver javelins
 j - a throwing net
Armour
 k - a +0 buckler
Jewellery
 n - a ring of ice
Wands
 i - a wand of flame (6)
Potions
 f - a potion of magic
 h - 2 potions of ambrosia
 m - a potion of cancellation {unknown}
 p - a potion of lignification {unknown}
 r - a potion of degeneration {unknown}
 s - 2 potions of curing


   Skills:
 + Level 1.9 Fighting
 + Level 2.8 Dodging
 + Level 4.1 Stealth
 + Level 2.8 Spellcasting
 + Level 2.4 Conjurations
 + Level 3.6 Fire Magic


You had 2 spell levels left.
You knew the following spells:

 Your Spells              Type           Power      Damage    Failure   Level
a - Foxfire               Conj/Fire      56%        2x1d6     4%          1
b - Scorch                Fire           32%        2d7       5%          2
c - Flame Wave            Conj/Fire      14%        2d6       41%         4

Your spell library contained the following spells:

 Spells                   Type           Power      Damage    Failure   Level
 Static Discharge         Conj/Air       7%         3-4/arc   14%         2
 Conjure Flame            Conj/Fire      14%        6-21      13%         3
 Inner Flame              Hex/Fire       9%         N/A       22%         3
 Olgreb's Toxic Radiance  Pois           2%         N/A       83%         4
 Summon Lightning Spire   Summ/Air       2%         N/A       83%         4
 Silence                  Hex/Air        1%         N/A       99%         5


Dungeon Overview and Level Annotations

Branches:
Dungeon (4/15)
 Temple: D:4-7

Altars:
Gozag
Xom


Innate Abilities, Weirdness & Mutations

You cannot wear most types of armour.
You are amphibious.
You can wear up to eight rings at the same time.
Your skin changes colour to match your surroundings (Stealth+).
Your rubbery body absorbs attacks. (AC +1, EV +1)
((You are camouflaged when in or above water. (Stealth+)))
You have tentacles for arms and can constrict up to eight enemies at once.


Message History

The orc wizard flickers and vanishes!
Deactivating autopickup; reactivate with Ctrl-A.
You hit the orc. You grab the orc.
The orc is almost dead.
You constrict the orc.
You kill the orc!
You hear some strange, mumbled words.
You are confused.
You bump into the rock wall.
A magic dart appears from out of thin air!
The magic dart hits you.
You're too confused to move!
You bump into the rock wall.
Something hits you but does no damage.
You bump into the rock wall.
Something hits you.
You bump into the rock wall.
Something hits you but does no damage.
You hit something.
You feel less confused.
You hear some strange, mumbled words.
A puff of flame appears from out of thin air!
The puff of flame hits you.
* * * LOW HITPOINT WARNING * * *
Casting: Scorch (safe; 5% risk of failure)
Confirm with . or Enter, or press ? or * to list all spells.
You can't see any susceptible monsters within range! (Use Z to cast anyway.)
Casting: Scorch (safe; 5% risk of failure)
Confirm with . or Enter, or press ? or * to list all spells.
Flames lash something.
You hear some strange, mumbled words.
Something tries to affect you, but you resist.
Casting: Scorch (safe; 5% risk of failure)
Confirm with . or Enter, or press ? or * to list all spells.
You don't have enough magic to cast this spell.
Casting: Scorch (safe; 5% risk of failure)
Confirm with . or Enter, or press ? or * to list all spells.
Okay, then.
You barely miss something.
You hear some strange, mumbled words.
A puff of flame appears from out of thin air!
The puff of flame hits you!
You die...

##..........#
#............
#..(....).._.
#............
#....._.....#
#...........#
#...........
#{# #@# #.#
#.# #.# #.#
#.# #.#
#.#####
#.....####


There were no monsters in sight!

Vanquished Creatures
  A hound (D:3)
  An orc wizard (D:4)
  3 gnolls (D:4)
  5 adders
  A worm (D:2)
  A dart slug (D:3)
  5 orcs
  4 ball pythons
  5 endoplasms
  2 giant cockroaches
  8 goblins
  7 hobgoblins
  3 jackals (D:3)
  3 quokkas
  6 bats
  5 frilled lizards
  8 kobolds
68 creatures vanquished.

Vanquished Creatures (collateral kills)
  A foxfire (D:1)
1 creature vanquished.

Vanquished Creatures (others)
  125 foxfires
  2 fungi (D:1)
127 creatures vanquished.

Grand Total: 196 creatures vanquished

Notes
Turn   | Place    | Note
-------+----------+-------------------------------------------
     0 | D:1      | croobank the Octopode Fire Elementalist began the quest for
                  | the Orb.
     0 | D:1      | Reached XP level 1. HP: 11/11 MP: 3/3
   181 | D:1      | Found a faded altar of an unknown god.
   188 | D:1      | Reached skill level 3 in Stealth
   188 | D:1      | Reached XP level 2. HP: 15/18 MP: 1/5
   380 | D:1      | Learned a level 2 spell: Scorch
   699 | D:1      | Reached XP level 3. HP: 22/22 MP: 1/6
  1257 | D:2      | Reached skill level 1 in Fighting
  1441 | D:2      | Reached XP level 4. HP: 17/28 MP: 0/7
  2666 | D:3      | Reached XP level 5. HP: 28/33 MP: 4/8
  2730 | D:3      | Got Faano's Cyclopedia of Hazy Pollution
  2736 | D:3      | Learned a level 4 spell: Flame Wave
  2800 | D:3      | Identified the +1 dagger of Uliontuthu {freeze, Will+}
  3183 | D:4      | Reached skill level 4 in Stealth
  3249 | D:4      | Found an opulent altar of Gozag.
  3253 | D:4      | Found a shimmering altar of Xom.
  3275 | D:4      | Killed from afar by an orc wizard

Illustrated notes

Levels and vault maps discovered:
D:1:      shiori_arrival_maze, layout_basic, dreamdust_ecumenical_altar_grove,
          minmay_misc_feat_iff, st_stairs_13, dreamdust_mushroom_princess
D:2:      layout_rooms
D:3:      layout_basic
D:4:      layout_loops_ring, mainiacjoe_overflow_small_starburst, slow_altar_1,
          grunt_temple_overflow_open

Skill      XL: |  1  2  3  4  5 |
---------------+----------------+-----
Stealth        | 3 4 |  4.1
Fighting       | 1 |  1.9
Conjurations   | 2 |  2.4
Dodging        | |  2.8
Spellcasting   | |  2.8
Fire Magic     | |  3.6

Action                   |  1- 3 |  4- 6 || total
-------------------------+-------+-------++-------
Melee: Unarmed           |     9 |       ||     9
       Constrict         |     9 |     4 ||    13
       Tentacles         |     5 |     1 ||     6
       Short sword       |     9 |    17 ||    26
 Cast: Foxfire           |    51 |    25 ||    76
       Scorch            |     4 |    14 ||    18
  Use: Potion            |     3 |       ||     3
       Scroll            |       |     5 ||     5
 Stab: Sleeping          |     2 |       ||     2
Armor: Skin              |       |     3 ||     3
Dodge: Dodged            |    22 |    13 ||    35

Table legend: (Time is in decaauts)
 A = Elapsed time spent in this place.
 B = Non-inter-level travel time spent in this place.
 C = Inter-level travel time spent in this place.
 D = Time resting spent in this place.
 E = Time spent auto-exploring this place.
 F = Levels seen in this place.
 G = Mean time per level.
                   A        B        C        D        E       F      G
               +--------+--------+--------+--------+--------+-----+--------+
         Total |   3259 |   3232 |     27 |    269 |   2471 |   4 |  814.8 |
       Dungeon |   3259 |   3232 |     27 |    269 |   2471 |   4 |  814.8 |
               +--------+--------+--------+--------+--------+-----+--------+

Top non-repeatable levels by time:
     D:3: 1363 daAuts
     D:1: 1057 daAuts
     D:2: 643 daAuts
     D:4: 195 daAuts
